 Dungeon Crawl Stone Soup version 0.18-a0-998-gcb3fcb1 (webtiles) character file.

114 Duffy the Chopper (level 4, -2/42 HPs)
             Began as a Naga Fighter on Jan 5, 2016.
             Slain by a scorpion (5 damage)
             ... on level 3 of the Dungeon.
             The game lasted 00:01:12 (1703 turns).

Duffy the Chopper (Naga Fighter)                    Turns: 1703, Time: 00:01:13

Health: -2/42      AC:  6    Str: 20    XL:     4   Next: 97%
Magic:  4/4        EV:  7    Int:  8    God:
Gold:   64         SH:  8    Dex: 10    Spells: 0 memorised, 3 levels left

rFire  . . .     SeeInvis +     a - +0 war axe
rCold  . . .     Gourm    .     b - +0 scale mail
rNeg   . . .     Faith    .     c - +0 shield
rPois  +         Spirit   .     (no helmet)
rElec  .         Dismiss  .     k - +0 cloak
rCorr  .         Reflect  .     (no gloves)
SustAt .         Harm     .     (no barding)
MR     .....                    (no amulet)
Stlth  ..........               (no ring)
                                m - +2 ring of evasion

@: very slow, not resistant to hostile enchantments, extremely unstealthy
A: see invisible, deformed body, poison resistance, slowness 2, slow metabolism
1, spit poison 2, AC +1
a: Spit Poison


You were on level 3 of the Dungeon.
You were very hungry.

You visited 1 branch of the dungeon, and saw 4 of its levels.

You collected 64 gold pieces.


Innate Abilities, Weirdness & Mutations

You cannot wear boots.
Your serpentine skin is tough (AC +1).
You have supernaturally acute eyesight.
Armour fits poorly on your strangely shaped body.
Your system is resistant to poisons.
You cover ground very slowly.
You have a slow metabolism.
You can spit poison.


   Skills:
 - Level 3.0 Fighting
 + Level 5.0 Axes
 - Level 2.4 Armour
 - Level 2.4 Shields


You had 3 spell levels left.
You didn't know any spells.

Inventory:

Hand Weapons
 a - a +0 war axe (weapon)
Armour
 b - a +0 scale mail (worn)
 c - a +0 shield (worn)
 k - a +0 cloak (worn)
Jewellery
 j - a +5 ring of intelligence {unknown}
 m - a +2 ring of evasion (left hand)
Scrolls
 g - a scroll of fear {unknown}
 h - a scroll of remove curse {unknown}
 i - 5 scrolls of identify {unknown}
 n - a scroll of enchant weapon {unknown}
 o - 2 scrolls of teleportation {unknown}
 p - a scroll of noise {unknown}
Potions
 d - a potion of might
 e - a potion of brilliance {unknown}
 l - a potion of degeneration {unknown}
Comestibles
 f - a bread ration

Dungeon Overview and Level Annotations

Branches:
Dungeon (4/15)
 Temple: D:4-7

Altars:
Gozag


Message History

The scorpion is lightly wounded.
The hound bites you but does no damage. The hound bites you.
The scorpion stings you. The hound bites you but does no damage.
You hit the scorpion but do no damage.
The scorpion is lightly wounded.
You miss the hound.
The hound is heavily wounded.
The hound bites you but does no damage. The scorpion barely misses you.
The hound barely misses you.
You hit the hound.
The hound is severely wounded.
You slash the scorpion!
The scorpion is heavily wounded.
The scorpion stings you but does no damage.
You block the hound's attack. You block the scorpion's attack.
The hound bites you.
You closely miss the hound.
The hound is severely wounded.
You hit the scorpion.
The scorpion is heavily wounded.
You block the hound's attack. The scorpion barely misses you.
The hound bites you.
You hit the hound.
The hound is almost dead.
You closely miss the scorpion.
The scorpion is heavily wounded.
The hound bites you. The scorpion barely misses you.
The hound barely misses you.
You slash the hound!
You kill the hound!
Your Axes skill increases to level 5!
Your shield and scale mail prevent you from hitting the scorpion.
The scorpion is heavily wounded.
The scorpion stings you. x2
You die...

############
#........... ####
#.#.....#### ..#.#
#.#.......# #s#.#
#.#..##.#.#
#@#.#.#.#.....#.# #
#.#.#.#.#.##..# #
#.####.#.#.....(...#
#......#.###.#######
####......##.#
....'......##.#
.####.........#.
#........<#.
######....#.#


You could see a scorpion.

Action                   |  1- 3 |  4- 6 || total
-------------------------+-------+-------++-------
Melee: War axe           |    88 |    10 ||    98

Notes
Turn   | Place    | Note
--------------------------------------------------------------
     0 | D:1      | Duffy the Naga Fighter began the quest for the Orb.
     0 | D:1      | Reached XP level 1. HP: 21/21 MP: 1/1
   503 | D:1      | Reached XP level 2. HP: 24/28 MP: 2/2
   739 | D:2      | Reached skill level 3 in Axes
   894 | D:2      | Reached XP level 3. HP: 15/34 MP: 3/3
  1229 | D:3      | Found an opulent altar of Gozag.
  1340 | D:3      | Noticed a scorpion
  1528 | D:3      | Killed a scorpion
  1528 | D:3      | Reached skill level 4 in Axes
  1528 | D:3      | Reached XP level 4. HP: 30/42 MP: 4/4
  1703 | D:3      | Reached skill level 5 in Axes
  1703 | D:3      | Slain by a scorpion

Vault maps used:
D:1:      dpeg_arrival_water_fire
D:2:      xom_redecorated, tgw_trog, lemuel_another_geyser
D:3:      grunt_gozag_breadcrumbs
D:4:      nicolae_overflow_hidden_temple, minmay_temple_entry_statues_fountains,
          first_bread, uniq_blork_the_orc

Vanquished Creatures
  A scorpion
  A hound
  An ooze
  2 giant geckos
  An orc
  3 bats
  2 giant cockroaches
  5 goblins
  4 hobgoblins
  5 kobolds
  A ball python
  2 giant newts
  2 rats
30 creatures vanquished.
